 Dungeon Sprint DCSS version 0.22.1-1-ga44c0e56f4 (webtiles) character file.

2058 MuseOD the Impaler (level 9, -18/85 (86) HPs)
             Began as a Merfolk Berserker on Oct 7, 2018.
             Was a High Priest of Trog.
             Killed from afar by a crystal guardian (38 damage)
             ... with a crystal bolt
             ... in the Dungeon (Sprint II: "The Violet Keep of Menkaure").
             The game lasted 00:02:51 (764 turns).

MuseOD the Impaler (Merfolk Berserker)               Turns: 764, Time: 00:02:52

HP:   -18/85 (86)   AC:  2    Str: 20    XL:     9   Next: 25%
MP:   9/9           EV: 17    Int:  6    God:    Trog [*****.]
Gold: 1134          SH:  0    Dex: 14    Spells: 8/8 levels left

rFire    . . .     SeeInvis .   a - +0 spear
rCold    . . .     Gourm    .   (no shield)
rNeg     . . .     Faith    .   b - +0 animal skin
rPois    .         Spirit   .   (no helmet)
rElec    .         Reflect  .   (no cloak)
rCorr    .         Harm     .   (no gloves)
MR       .....     NoTele   +   (no boots)
Stlth    +.........             (no amulet)
HPRegen  0.24/turn              (no ring)
MPRegen  0.11/turn              (no ring)

@: berserk cooldown, slowed, very slow
A: change form in water, swift swim, stealthy swim
a: Berserk, Trog's Hand, Brothers in Arms, Renounce Religion


You were in the Dungeon.
You worshipped Trog.
Trog was extremely pleased with you.
You were near starving.

You visited 1 branch You collected 1134 gold pieces.

Inventory:

Hand Weapons
 a - a +0 spear (weapon)
Armour
 b - a +0 animal skin (worn)
Scrolls
 i - a scroll of blinking
Potions
 d - a potion of curing
 e - a potion of heal wounds
 f - a potion of haste
 g - 2 potions of magic
 h - a potion of berserk rage
Comestibles
 c - a ration


   Skills:
 + Level 13.8 Fighting
 + Level 18.1 Polearms
 + Level 4.7 Armour
 + Level 8.5 Dodging


You had 8 spell levels left.
You didn't know any spells.
Your spell library was empty.

Dungeon Overview and Level Annotations

Branches:
Dungeon (1/1)

Altars:
Cheibriados
Dithmenos
Elyvilon
Fedhas
Gozag
Kikubaaqudgha
Makhleb
Nemelex Xobeh
Okawaru
Sif Muna
Trog
Uskayaw
Vehumet
Yredelemnul
Zin
Jiyva
Lugonu

Shops:
D (?:==!%::![[}}}?

Annotations:
D exclusions: oklob plant and orange crystal statue


Message History

You kill the swamp drake!
Trog accepts your kill.
Your deep troll rages.
You feel a strong urge to attack something.
A crystal guardian comes into view.
You feel your anger nearly subside.
You are no longer berserk.
Trog's vigour flows through your veins.
You are exhausted.
You feel yourself slow down.
Found 3 coppery potions.
Things that are here:
a death drake corpse x2
You hear a shout!
The crystal guardian fires a crystalline bolt at you.
The crystal bolt burns you!
* * * LOW HITPOINT WARNING * * *
Unknown command.
The crystal guardian fires a crystalline bolt at you.
The crystal bolt misses you. The crystal bolt freezes you!
You die...

#++# ...### ....## ...#!##
.. ..#..# .##+# ..
####.#..#
###.###.####.('.##8#
#..#..# ...#..#.@.####
##.#.####..#####..##.#
###'###.##..# +..#..#
.##.##...#..# #..#..#
#'.<.'.##'..####.(##)#
.##.##...#....###§..##▓▓
###'###.##......≈≈≈≈≈≈≈≈≈≈≈
##..# ###≈≈.....≈#+########
#..## #≈≈≈≈≈≈≈..≈#_._.....#


You could see a crystal guardian.

Vanquished Creatures
  2 tyrant leeches (D)
  A swamp drake (D)
  4 necrophages (D)
  A crocodile (D)
  4 worker ants (D)
  A spectral adder (D)
  2 worms (D)
  A spectral jackal (D)
16 creatures vanquished.

Vanquished Creatures (collateral kills)
  2 death drakes (D)
  A yaktaur (D)
  3 polar bears (D)
  A hornet (D)
  A swamp drake (D)
8 creatures vanquished.

Vanquished Creatures (others)
  Menkaure (D)
  A crocodile (D)
2 creatures vanquished.

Grand Total: 26 creatures vanquished

Notes
Turn   | Place    | Note
-------+----------+-------------------------------------------
     0 | D        | MuseOD the Merfolk Berserker began the quest for the Orb.
     0 | D        | Reached XP level 1. HP: 18/18 MP: 1/1
     1 | D        | Noticed a necrophage
     1 | D        | Noticed a necrophage
     1 | D        | Noticed a necrophage
     1 | D        | Noticed a necrophage
    12 | D        | Killed a necrophage
    12 | D        | Reached skill level 9 in Polearms
    12 | D        | Reached XP level 2. HP: 4/28 MP: 2/2
    12 | D        | Reached XP level 3. HP: 5/34 MP: 3/3
    12 | D        | Reached XP level 4. HP: 6/40 MP: 4/4
    16 | D        | HP: 2/60 [necrophage (4)]
    17 | D        | Killed a necrophage
    17 | D        | Reached skill level 10 in Polearms
    17 | D        | Reached XP level 5. HP: 3/48 MP: 5/5
    20 | D        | Killed a necrophage
    20 | D        | Reached ** piety under Trog
    20 | D        | Reached skill level 11 in Polearms
    20 | D        | Reached skill level 5 in Dodging
    20 | D        | Reached XP level 6. HP: 4/57 MP: 6/6
    26 | D        | Killed a necrophage
    26 | D        | Reached skill level 12 in Polearms
    35 | D        | Killed Menkaure
   303 | D        | Reached skill level 10 in Fighting
   303 | D        | Reached skill level 13 in Polearms
   307 | D        | Reached *** piety under Trog
   312 | D        | Reached XP level 7. HP: 66/66 MP: 7/7
   398 | D        | Noticed an orange crystal statue
   422 | D        | Noticed a tyrant leech
   422 | D        | Noticed a tyrant leech
   431 | D        | Killed a tyrant leech
   431 | D        | Reached **** piety under Trog
   431 | D        | Reached skill level 14 in Polearms
   449 | D        | Killed a tyrant leech
   449 | D        | Reached skill level 15 in Polearms
   499 | D        | Found Ezuzafu's Antique Armour Emporium.
   499 | D        | Found Nuemonwo's Gadget Emporium.
   499 | D        | Found Beokanae's Book Shoppe.
   499 | D        | Found Ashun's Magic Scroll Emporium.
   499 | D        | Found Weyl's Antique Armour Shoppe.
   499 | D        | Found Longuak's Gadget Shoppe.
   499 | D        | Found Kochoba's Gadget Shoppe.
   500 | D        | Found Penilar's Distillery.
   500 | D        | Found Istruhues's Book Shoppe.
   501 | D        | Found Serrypn's Food Shoppe.
   501 | D        | Found Xyrasmeh's Distillery.
   502 | D        | Noticed an ice dragon
   503 | D        | Found Searuz's Jewellery Emporium.
   503 | D        | Found Vyuh's Jewellery Shoppe.
   503 | D        | Noticed an oklob plant
   504 | D        | Found Sapn's Magic Scroll Shoppe.
   504 | D        | Found Vavun's Book Shoppe.
   504 | D        | Found Ratainuc's Antique Weapon Emporium.
   505 | D        | Noticed a redback
   518 | D        | Reached XP level 8. HP: 75/75 MP: 8/8
   559 | D        | Found an iron altar of Okawaru.
   559 | D        | Found a radiant altar of Vehumet.
   559 | D        | Found a glowing silver altar of Zin.
   560 | D        | Found a sparkling altar of Nemelex Xobeh.
   560 | D        | Found a hide-covered altar of Uskayaw.
   561 | D        | Found an opulent altar of Gozag.
   561 | D        | Found a burning altar of Makhleb.
   561 | D        | Found a bloodstained altar of Trog.
   562 | D        | Found a blossoming altar of Fedhas.
   562 | D        | Found a corrupted altar of Lugonu.
   562 | D        | Found a basalt altar of Yredelemnul.
   562 | D        | Found a deep blue altar of Sif Muna.
   563 | D        | Found a white marble altar of Elyvilon.
   563 | D        | Found an ancient bone altar of Kikubaaqudgha.
   564 | D        | Found a shadowy altar of Dithmenos.
   564 | D        | Found a viscous altar of Jiyva.
   565 | D        | Found a snail-covered altar of Cheibriados.
   567 | D        | Noticed a yaktaur
   567 | D        | Noticed a hornet
   567 | D        | Noticed a polar bear
   567 | D        | Noticed a polar bear
   571 | D        | Killed a polar bear
   573 | D        | Killed a polar bear
   573 | D        | Reached skill level 16 in Polearms
   573 | D        | Killed a hornet
   576 | D        | Killed a yaktaur
   582 | D        | Noticed a polar bear
   585 | D        | Killed a polar bear
   585 | D        | Reached ***** piety under Trog
   585 | D        | Reached skill level 17 in Polearms
   726 | D        | Noticed a death drake
   730 | D        | Killed a death drake
   730 | D        | Reached XP level 9. HP: 84/84 MP: 9/9
   730 | D        | Noticed a death drake
   734 | D        | Killed a death drake
   734 | D        | Reached skill level 18 in Polearms
   761 | D        | Noticed a crystal guardian
   764 | D        | Killed from afar by a crystal guardian

Skill      XL: |  1  2  3  4  5  6  7  8  9 |
---------------+----------------------------+-----
Fighting       | 6 8 9 10 11 13 | 13.8
Polearms       | 9 10 11 13 15 17 18 | 18.1
Armour         | 2 3 4 |  4.7
Dodging        | 4 5 6 8 |  8.5

Action                   |  1- 3 |  4- 6 |  7- 9 || total
-------------------------+-------+-------+-------++-------
Melee: Spear             |     8 |    26 |    51 ||    85
Invok: Berserk           |     1 |     1 |     5 ||     7
       Brothers in Arms  |       |       |     2 ||     2
  Eat: Chunk             |       |       |     5 ||     5
Armor: Animal skin       |       |       |     1 ||     1
Dodge: Dodged            |     2 |     3 |    12 ||    17
